Map: Whispers of Gold

Players

wootwoot - Winner!

  • Race: Terran Terran
  • League: Silver
  • Spawn Location: 9:00

Proudstar

  • Race: Protoss Protoss
  • League: Master
  • Spawn Location: 5:00

VOD

Have the link to the VOD?

Description

Time

  • Played on: April 21, 2025, 10:28 a.m.
  • Length: 2:57
Show
View Real Time Build Order
Export as new Build Order

wootwoot Terran - Winner!

Build Orders:  

Get SALT Encoding   

  12  0:00  SCV  
  13  0:12  SCV  
  14  0:18  Supply Depot  
  14  0:24  SCV  
  15  0:40  SCV  
  16  0:44  Barracks  
  16  0:57  Barracks  
  16  1:10  Barracks  
  16  1:30  Marine  
  17  1:44  Barracks  
  17  1:45  Marine  
  18  1:48  Marine  
  19  1:56  Marine  
  20  2:03  Marine  
  20  2:05  Supply Depot  
  21  2:09  Marine  
  21  2:14  Marine  
  23  2:27  Marine x2  
  25  2:32  Supply Depot  
  25  2:37  Marine  
  25  2:38  Marine  
Show
View Real Time Build Order
Export as new Build Order

Proudstar Protoss 

Build Orders:  

Get SALT Encoding   

  1  0:00  Probe  
  13  0:20  Probe  
  14  0:30  Pylon  
  14  0:33  Probe  
  15  0:52  Pylon  
  15  0:55  Forge  
  15  1:01  Probe, Pylon  
  15  1:09  Probe  
  17  1:33  Photon Cannon  
  17  1:34  Photon Cannon  
  16  1:59  Gateway  
  16  2:01  Probe  
  17  2:22  Probe  
  18  2:30  Probe  
  19  2:39  Probe  
Tags
 
Add a new tag
Caveats
  • Supply blocks, unpowered buildings, or Contaminate may cause inaccurate times.
  • Supply counts are checked every 10 seconds.